 Dungeon Crawl Stone Soup version 0.30.1-9-gdf580d7c3d (webtiles) character file.

Game seed: 9058002088776464541

51 Ivernyr the Shield-Bearer (level 4, 37/37 HPs)
             Began as a Formicid Fighter on Sept 29, 2023.
             Got out of the dungeon alive.
             The game lasted 00:02:38 (1681 turns).

Ivernyr the Shield-Bearer (Formicid Fighter)        Turns: 1681, Time: 00:02:39

Health: 37/37      AC:  8    Str: 22    XL:     4   Next: 7%
Magic:  4/4        EV: 14    Int:  8    God:
Gold:   97         SH:  5    Dex: 13    Spells: 3/3 levels left

rFire   . . .        a - +0 flail
rCold   . . .        c - +0 buckler
rNeg    . . .        b - +0 scale mail
rPois   .            (helmet unavailable)
rElec   .            (no cloak)
rCorr   .            (no gloves)
SInv    +            o - +0 pair of boots
Will    .....        (no amulet) Stlth
                     e - +5 ring of evasion
HPRegen 0.26/turn    (no ring)
MPRegen 0.09/turn

%: no passive effects
@: no status effects
A: permanent stasis, dig shafts and tunnels, antennae 3, four strong arms
a: Dig, Shaft Self


You escaped.
You visited 1 branch of the dungeon, and saw 2 of its levels.

You collected 97 gold pieces.

Inventory:

Hand Weapons
 a - a +0 flail (weapon)
Missiles
 m - a throwing net
Armour
 b - a +0 scale mail (worn)
 c - a +0 buckler (worn)
 o - a +0 pair of boots (worn)
Jewellery
 e - a +5 ring of evasion (left hand)
Scrolls
 f - 3 scrolls of amnesia {unknown}
 g - a scroll of immolation {unknown}
 h - 2 scrolls of poison {unknown}
 j - a scroll of blinking {unknown}
 l - a scroll of enchant weapon {unknown}
 n - 2 scrolls of vulnerability {unknown}
 p - a scroll of identify {unknown}
 q - a scroll of enchant armour {unknown}
Potions
 d - a potion of might
 i - 2 potions of cancellation {unknown}
 k - a potion of attraction {unknown}
 r - a potion of degeneration {unknown}


   Skills:
 + Level 4.0 Fighting
 + Level 2.8 Maces & Flails
 + Level 3.9 Armour
 - Level 4.0 Shields


You had 3 spell levels left.
You didn't know any spells.
Your spell library contained the following spells:

 Spells                   Type           Power      Damage    Failure   Level
 Apportation              Tloc           0%         N/A       80%         1
 Necrotise                Necr           0%         1d4       80%         1
 Summon Small Mammal      Summ           0%         N/A       80%         1
 Hailstorm                Conj/Ice       0%         3d3       99%         3
 Ice Form                 Ice/Tmut       0%         N/A       100%        4
 Simulacrum               Ice/Necr       0%         N/A       100%        6


Dungeon Overview and Level Annotations

Branches:
Dungeon (2/15)

Altars:


Innate Abilities, Weirdness & Mutations

You cannot be hasted, slowed, berserked, paralysed or teleported.
You can dig through walls and to a lower floor.
You have a pair of large antennae on your head. (SInv)
Your four strong arms can wield two-handed weapons with a shield.


Message History

You hit the jackal.
The jackal is severely wounded.
The jackal closely misses you. The jackal misses you.
You hit the jackal but do no damage.
The jackal is severely wounded.
You block the jackal's attack.
The jackal bites you but does no damage.
You thump the jackal!
You kill the jackal!
You miss the jackal.
The jackal bites you but does no damage.
The jackal misses you.
You barely miss the jackal. The jackal barely misses you. x2
You sock the jackal!
You kill the jackal!
You see here a jackal corpse.
You now have 81 gold pieces (gained 10).
You now have 97 gold pieces (gained 16).
Done exploring.
Done exploring.
(D) Dungeon
Where to? (Enter - D:2, ? - help)
What level of the Dungeon? (default 1, ? - help)
There is a stone staircase leading down here.
There is a stone staircase leading up here.
You climb upwards.
There is a stone staircase leading down here.
There is an open door here.
You see here a +0 club.
There is an open door here.
There is an open door here.
There is an open door here.
There is an open door here.
There is an open door here.
There is an open door here.
There is an open door here.
There is an open door here.
There is a staircase leading out of the dungeon here.
Are you sure you want to leave the Dungeon?
This will make you lose the game!
You have escaped!

...............'.......).#.#..###
.........#####.#########.#.#..#
...............'.......#.#.#..#
#.......##############.#.#.#..###
........#......'.....#.#.#.#.....
........#.##########.#.#.#.#..##.
.########.#....'...#.#.#.#.#####.
.##...# #.#.######.#.#.#.#.#.....
......###.#.#..'@#.#.#.#.#.#.....
........#.#.#..###'#'#'#'#.######
#.....#.#'#'#'####.#.#.#.#......#
#.....#.#.#.#.#>'..#.#.#.#.####.#
#######.#.#.#.######.#.#.#.# #.#
### #.#.#.#...'....#.#.#.# #.#
..### #.#.#.##########.#.#.# #.#
....###.#.#.....'......#.#.# #.#
#....##.#.##############.#.## #.#


There were no monsters in sight!

Vanquished Creatures
  An adder (D:2)
  A worm (D:2)
  2 bats
  5 endoplasms (D:1)
  2 giant cockroaches (D:1)
  3 goblins
  2 hobgoblins (D:2)
  4 jackals (D:2)
  5 ball pythons (D:1)
  A frilled lizard (D:1)
  4 kobolds
  8 rats
38 creatures vanquished.

Notes
Turn   | Place    | Note
-------+----------+-------------------------------------------
     0 | D:1      | Ivernyr the Formicid Fighter began the quest for the Orb.
     0 | D:1      | Reached XP level 1. HP: 18/18 MP: 1/1
   333 | D:1      | Reached XP level 2. HP: 13/24 MP: 2/2
   503 | D:1      | Reached XP level 3. HP: 29/30 MP: 3/3
  1469 | D:2      | Reached XP level 4. HP: 37/37 MP: 4/4
  1681 | D:$      | Got out of the dungeon alive.

Illustrated notes

Levels and vault maps discovered:
D:1:      minmay_arrival_widening_spiral_narrow, layout_basic,
          minmay_heptomino_w4
D:2:      layout_rooms, amcnicky_mini_rare_corridor_liquid,
          kennysheep_minor_cross

Skill      XL: |  1  2  3 |
---------------+----------+-----
Fighting       | 4 |  4.0
Maces & Flails | |  2.8
Armour         | |  3.9
Shields        | |  4.0

Action                     |  1- 3 |  4- 6 || total
---------------------------+-------+-------++-------
  Melee: Flail             |   108 |     6 ||   114
 Armour: Scale mail        |    39 |     2 ||    41
  Dodge: Dodged            |    94 |     5 ||    99
  Block: Buckler           |    31 |     1 ||    32
